[Event "ICC tourney 1953 (60 10)"]
[Site "Internet Chess Club"]
[Date "2020.08.07"]
[Round "3"]
[White "penguinwizard"]
[Black "ChessDex"]
[Result "1-0"]
[ICCResult "Black resigns"]
[WhiteElo "2113"]
[BlackElo "2237"]
[Opening "QGD semi-Slav: Meran variation"]
[ECO "D47"]
[NIC "SL.09"]
[Time "18:31:05"]
[TimeControl "3600+10"]

1. d4 d5 2. c4 c6 3. Nf3 Nf6 4. Nc3 e6 5. e3 Nbd7 6. Bd3 dxc4 7. Bxc4 b5 8.
Be2 Bb7 9. O-O a6 10. b3 c5 11. Bb2 Bd6 12. a4 b4 13. Nb1 O-O 14. Nbd2 cxd4
15. Nc4 Bc5 16. Nxd4 Ne4 17. Bf3 Bd5 18. Qe2 Qg5 19. Rac1 e5 20. Bxe4 Bxe4
21. Nf3 Qh5 22. Bxe5 Nxe5 23. Ncxe5 Bd6 24. Qc4 Bb7 25. Nc6 Rac8 26. Qd3
Rfd8 27. Nxd8 Rxd8 28. Qd1 g5 29. Ne5 Qh4 30. f4 gxf4 31. Rxf4 Qe7 32. Qg4+
{Black resigns}
1-0

[Event "ICC tourney 1953 (60 10)"]
[Site "Internet Chess Club"]
[Date "2020.08.07"]
[Round "3"]
[White "Xuanli28"]
[Black "PappusChain923"]
[Result "1-0"]
[ICCResult "Black resigns"]
[WhiteElo "2112"]
[BlackElo "2102"]
[Opening "Sicilian: Nimzovich-Rossolimo attack (with ...g6, without ...d6)"]
[ECO "B31"]
[NIC "SI.31"]
[Time "18:31:06"]
[TimeControl "3600+10"]

1. e4 c5 2. Nf3 Nc6 3. Bb5 g6 4. Bxc6 dxc6 5. h3 Bg7 6. Nc3 e5 7. d3 Qc7 8.
Be3 b6 9. Qd2 Be6 10. O-O Rd8 11. Ng5 Bc8 12. f4 Nf6 13. fxe5 Qxe5 14. Nf3
Qe7 15. e5 Nd5 16. Bg5 Qc7 17. Bxd8 Qxd8 18. Ne4 O-O 19. Rae1 h6 20. c4 Nc7
21. Nf6+ Kh8 22. d4 Be6 23. b3 cxd4 24. Qxd4 Qe7 25. Rd1 Ne8 26. Nxe8 Rxe8
27. Qd6 Qb7 28. Nd4 Bxh3 29. Qxc6 Qxc6 30. Nxc6 Be6 31. Rd8 Rg8 32. Kh1 Kh7
33. Rxg8 Kxg8 34. Nd8 Bf5 35. Re1 Bf8 36. e6 fxe6 37. Nxe6 Bb4 38. Re3 a5
39. Nd4 Bb1 40. Re8+ Kf7 41. Re2 Bc5 42. Ne6 Be7 43. Nf4 Bc5 44. g4 a4 45.
bxa4 g5 46. Nd5 Bd3 47. Rb2 Be4+ 48. Kh2 Bd6+ 49. Kh3 Bd3 50. Rf2+ Kg7 51.
Nxb6 Bc5 52. Rb2 h5 53. gxh5 Bf5+ 54. Kg2 Kf6 55. a5 Be4+ 56. Kf1 Bd4 57.
Rd2 Be3 58. Re2 Bd3 59. Nd5+ Ke5 60. Nxe3 Kf4 61. Kf2 {Black resigns} 1-0

[Event "ICC tourney 1953 (60 10)"]
[Site "Internet Chess Club"]
[Date "2020.08.07"]
[Round "3"]
[White "Giantsmaster"]
[Black "mariiiaa04"]
[Result "1-0"]
[ICCResult "Black resigns"]
[WhiteElo "2102"]
[BlackElo "2097"]
[Opening "English: Sicilian reversed"]
[ECO "A25"]
[NIC "EO.20"]
[Time "18:30:53"]
[TimeControl "3600+10"]

1. c4 e5 2. Nc3 Nc6 3. g3 Bc5 4. Bg2 Nf6 5. e3 d5 6. cxd5 Nb4 7. d3 c6 8.
Nf3 Bg4 9. O-O Nbxd5 10. Qb3 Bxf3 11. Bxf3 Qd7 12. Nxd5 cxd5 13. d4 exd4 14.
exd4 Be7 15. Re1 O-O 16. Bf4 Rac8 17. Re2 Rfd8 18. Rae1 Bf8 19. Kg2 Rc4 20.
Be5 Ne8 21. Rc2 Rdc8 22. Rxc4 Rxc4 23. h3 Qc6 24. a3 a5 25. Be2 a4 26. Qd1
Rc2 27. Bb5 Rxf2+ 28. Kxf2 Qxb5 29. Qe2 Qd7 30. Kg2 g6 31. g4 f6 32. Bg3 Ng7
33. Bh4 g5 34. Bg3 Kf7 35. h4 Bd6 36. Bxd6 Qxd6 37. hxg5 Ne6 38. Qe3 fxg5
39. Kg1 h6 40. Qe5 Qxe5 41. Rxe5 Nf4 42. Kh2 b6 43. Kg3 Nd3 44. Rxd5 Nxb2
45. Rb5 Nc4 46. Kf3 Nxa3 47. Rxb6 Nc2 48. Rxh6 a3 49. Ra6 Nxd4+ 50. Ke4 Ne6
51. Rxa3 Kf6 52. Rc3 Nf4 53. Rc6+ Kf7 54. Kf5 Nh3 55. Rc7+ Kg8 56. Ra7 Kf8
57. Ra3 Nf2 58. Kxg5 Ne4+ 59. Kf4 Nf6 60. Ra8+ Kf7 61. Kf5 Ng8 62. Ra7+ Ne7+
63. Rxe7+ Kxe7 64. Kg6 Ke6 65. g5 Ke7 66. Kg7 {Black resigns} 1-0

[Event "ICC tourney 1953 (60 10)"]
[Site "Internet Chess Club"]
[Date "2020.08.07"]
[Round "3"]
[White "tangent"]
[Black "bpovo1394"]
[Result "1-0"]
[ICCResult "Black resigns"]
[WhiteElo "2307"]
[BlackElo "2100"]
[Opening "QGD Slav: 3.Nf3"]
[ECO "D11"]
[NIC "SL.01"]
[Time "18:31:44"]
[TimeControl "3600+10"]

1. d4 d5 2. c4 c6 3. Nf3 Nf6 4. g3 Bf5 5. Nbd2 e6 6. Bg2 Be7 7. O-O h6 8. b3
O-O 9. Bb2 Nbd7 10. Ne5 Nxe5 11. dxe5 Nd7 12. e4 dxe4 13. Bxe4 Nc5 14. Bxf5
exf5 15. Nf3 Ne6 16. Qc2 f4 17. Rad1 Qc8 18. Nd4 Ng5 19. Nf5 Bc5 20. h4 Ne6
21. Kh2 h5 22. Rg1 fxg3+ 23. Rxg3 g6 24. Rdg1 Kh7 25. Qd2 gxf5 26. Rg5
{Black resigns}
1-0

[Event "ICC tourney 1953 (60 10)"]
[Site "Internet Chess Club"]
[Date "2020.08.07"]
[Round "3"]
[White "SilentFog"]
[Black "olomi007"]
[Result "1-0"]
[ICCResult "Black resigns"]
[WhiteElo "2469"]
[BlackElo "2559"]
[Opening "King's Indian: 3.g3"]
[ECO "E60"]
[NIC "KI.80"]
[Time "18:31:01"]
[TimeControl "3600+10"]

1. d4 Nf6 2. c4 g6 3. g3 c6 4. Bg2 d5 5. Nf3 Bg7 6. cxd5 cxd5 7. Nc3 O-O 8.
O-O Nc6 9. Ne5 Bf5 10. Nxc6 bxc6 11. Bf4 Ne4 12. Na4 Nd6 13. Rc1 Bd7 14. b3
h6 15. Nc5 Nf5 16. Be5 f6 17. Bf4 g5 18. Bd2 Nd6 19. Ba5 Qe8 20. e4 dxe4 21.
Nxe4 Nxe4 22. Bxe4 f5 23. Bg2 Rc8 24. Re1 Qf7 25. Bb4 Rfe8 26. d5 cxd5 27.
Rxc8 Bxc8 28. Bxd5 e6 29. Bc6 g4 30. Bxe8 Qxe8 31. Qd6 Kh7 32. Rc1 Kg6 33.
Rc7 Bf6 34. Rxa7 Qb5 35. Ra8 Bb7 36. Rg8+ Kh7 37. Rb8 Bg7 38. Qe7 Qd3 39.
Qxb7 f4 40. gxf4 h5 41. Bf8 {Black resigns} 1-0

[Event "ICC tourney 1953 (60 10)"]
[Site "Internet Chess Club"]
[Date "2020.08.07"]
[Round "3"]
[White "NyzhnykIllia"]
[Black "SAO"]
[Result "1-0"]
[ICCResult "Black resigns"]
[WhiteElo "2764"]
[BlackElo "2582"]
[Opening "QGD Slav: 3.Nf3"]
[ECO "D11"]
[NIC "SL.01"]
[Time "18:32:34"]
[TimeControl "3600+10"]

1. d4 d5 2. c4 c6 3. Nf3 Nf6 4. Qc2 e6 5. g3 Be7 6. Bg2 O-O 7. O-O b6 8.
Nbd2 Bb7 9. e4 Na6 10. cxd5 cxd5 11. e5 Ne4 12. a3 Qd7 13. Ne1 Rac8 14. Qd1
Nxd2 15. Bxd2 Nb8 16. f4 Ba6 17. Rf2 Nc6 18. Bc3 Na5 19. Bh3 g6 20. Ng2 Nc4
21. f5 exf5 22. g4 f6 23. gxf5 fxe5 24. dxe5 Bc5 25. Bd4 gxf5 26. Bxc5 Rxc5
27. Bxf5 Qg7 28. Qh5 Kh8 29. Bxh7 Rxf2 30. Bf5+ Kg8 31. Kxf2 Nd6 32. Rg1
Nxf5 33. Ne1 Qxg1+ 34. Kxg1 Ng7 35. Qg6 d4 36. Nf3 Rc1+ 37. Kf2 Rf1+ 38. Kg2
d3 39. Ng5 {Black resigns} 1-0

[Event "ICC tourney 1953 (60 10)"]
[Site "Internet Chess Club"]
[Date "2020.08.07"]
[Round "3"]
[White "rjc64uk"]
[Black "esrosenberg"]
[Result "0-1"]
[ICCResult "White resigns"]
[WhiteElo "2088"]
[BlackElo "2261"]
[Opening "Vienna gambit: Paulsen attack"]
[ECO "C29"]
[NIC "VG.03"]
[Time "18:36:21"]
[TimeControl "3600+10"]

1. e4 e5 2. Nc3 Nf6 3. f4 d5 4. fxe5 Nxe4 5. Qf3 Nxc3 6. bxc3 d4 7. Bc4 Qe7
8. cxd4 Nc6 9. Ne2 Nxe5 10. Bb5+ c6 11. dxe5 cxb5 12. Bb2 h5 13. h3 Qh4+ 14.
g3 Qc4 15. O-O Bc5+ 16. Kg2 Be6 17. Nf4 O-O-O 18. Rf2 Bxf2 19. Qxf2 g5 20.
Nxe6 fxe6 21. d3 Qd5+ 22. Kh2 Kb8 23. a3 Rhf8 24. Qe2 g4 25. h4 Rf3 26. Rf1
Rdf8 27. Rxf3 Rxf3 28. Bc1 Qc5 29. Kg2 a5 30. Bb2 b4 31. axb4 Qxb4 32. c3
Qb3 33. d4 a4 34. c4 Rxg3+ 35. Kf1 Re3 36. Qd2 Qxc4+ 37. Kf2 Rf3+
{White resigns}
0-1

[Event "ICC tourney 1953 (60 10)"]
[Site "Internet Chess Club"]
[Date "2020.08.07"]
[Round "3"]
[White "funplaychess"]
[Black "AZTAC"]
[Result "1-0"]
[ICCResult "Black resigns"]
[WhiteElo "2371"]
[BlackElo "2155"]
[Opening "King's Indian: Sämisch, 5...O-O"]
[ECO "E81"]
[NIC "KI.54"]
[Time "18:31:06"]
[TimeControl "3600+10"]

1. d4 Nf6 2. c4 g6 3. Nc3 Bg7 4. e4 d6 5. f3 O-O 6. Be3 c5 7. Nge2 Nc6 8. d5
Ne5 9. Ng3 h5 10. Be2 h4 11. Nf1 e6 12. Bg5 h3 13. Ne3 hxg2 14. Rg1 Qb6 15.
Qd2 Nh7 16. Bf4 g5 17. Bg3 Ng6 18. Nxg2 e5 19. O-O-O Nf4 20. h4 f6 21. Kb1
Qd8 22. Ne3 a6 23. Rh1 Rf7 24. Rdg1 Kh8 25. hxg5 fxg5 26. Bf1 Rb8 27. Qh2
Bf8 28. Nf5 Qf6 29. Nh6 Bxh6 30. Qxh6 Qxh6 31. Rxh6 Rf6 32. Rgh1 Rxh6 33.
Rxh6 Kg7 34. Rxd6 Nf8 35. Rd8 Nd7 36. Bxf4 gxf4 37. Bh3 Nb6 38. d6 Bxh3 39.
Rxb8 Nxc4 40. d7 {Black resigns} 1-0

[Event "ICC tourney 1953 (60 10)"]
[Site "Internet Chess Club"]
[Date "2020.08.07"]
[Round "3"]
[White "creepycrawlies"]
[Black "tacticsalk"]
[Result "1-0"]
[ICCResult "Black resigns"]
[WhiteElo "2365"]
[BlackElo "2313"]
[Opening "QGD Slav: Carlsbad variation"]
[ECO "D17"]
[NIC "SL.04"]
[Time "18:31:03"]
[TimeControl "3600+10"]

1. d4 d5 2. c4 c6 3. Nf3 Nf6 4. Nc3 dxc4 5. a4 Bf5 6. Ne5 Nbd7 7. Nxc4 Qc7
8. g3 e5 9. dxe5 Nxe5 10. Bf4 Nfd7 11. Bg2 g5 12. Ne3 gxf4 13. Nxf5 O-O-O
14. Qc2 Nc5 15. O-O fxg3 16. hxg3 a5 17. Rfd1 h5 18. Rxd8+ Qxd8 19. Rd1 Qf6
20. Ne4 Nxe4 21. Bxe4 Bb4 22. Qc1 Ng6 23. Qc4 h4 24. Nxh4 Nxh4 25. gxh4 Rxh4
26. Qd4 Qg5+ 27. Kf1 Qe7 28. Bf5+ Kb8 29. Qd8+ Ka7 30. Qxe7 Bxe7 31. Rd7 Rf4
32. Rxe7 Rxf5 33. e4 Rf6 34. Ke2 Re6 35. Rxe6 fxe6 36. Ke3 Kb6 37. Kd4 Kc7
38. Ke5 Kd7 39. f4 b5 40. b3 {Black resigns} 1-0

[Event "ICC tourney 1953 (60 10)"]
[Site "Internet Chess Club"]
[Date "2020.08.07"]
[Round "3"]
[White "Kalmyk"]
[Black "tactics321"]
[Result "1/2-1/2"]
[ICCResult "Game drawn by mutual agreement"]
[WhiteElo "2650"]
[BlackElo "2568"]
[Opening "Sicilian: Richter-Rauzer, Rauzer attack, 7...a6 defense, 8...Bd7"]
[ECO "B67"]
[NIC "SI.30"]
[Time "18:31:15"]
[TimeControl "3600+10"]

1. e4 c5 2. Nf3 Nc6 3. d4 cxd4 4. Nxd4 Nf6 5. Nc3 d6 6. Bg5 e6 7. Qd2 a6 8.
O-O-O Bd7 9. f3 Nxd4 10. Qxd4 Bc6 11. Kb1 h6 12. Be3 d5 13. e5 Nd7 14. Qf4
Qg5 15. Qxg5 hxg5 16. Bxg5 Nxe5 17. Re1 Bd6 18. h4 f6 19. Be3 g5 20. Bf2 Kf7
21. Ne2 Rh6 22. Nd4 Bd7 23. h5 f5 24. Nb3 f4 25. Nc5 Bc6 26. Bd4 Bxc5 27.
Bxe5 Be7 28. Bd3 Bf6 29. Bd6 Bd7 30. Bg6+ Kg7 31. g3 fxg3 32. Bxg3 Be8 33.
Bxe8 Rxe8 34. f4 g4 35. f5 e5 36. c4 Reh8 37. Rxe5 Rxh5 38. Rxh5 Rxh5 39.
Rxd5 Rh1+ 40. Kc2 Rg1 41. Rd7+ Kg8 42. Bb8 g3 43. Rd3 Rg2+
{Game drawn by mutual agreement}
1/2-1/2

[Event "ICC tourney 1953 (60 10)"]
[Site "Internet Chess Club"]
[Date "2020.08.07"]
[Round "3"]
[White "frisco"]
[Black "MasterZachary"]
[Result "1/2-1/2"]
[ICCResult "Game drawn by mutual agreement"]
[WhiteElo "2464"]
[BlackElo "2306"]
[Opening "QGA: Mannheim variation"]
[ECO "D23"]
[NIC "QP.08"]
[Time "18:30:54"]
[TimeControl "3600+10"]

1. d4 d5 2. Nf3 Nf6 3. c4 dxc4 4. Qa4+ Nc6 5. e3 Bd7 6. Qxc4 e6 7. Be2 Bd6
8. O-O O-O 9. Nc3 e5 10. d5 Ne7 11. e4 Rc8 12. Bg5 Ng6 13. Qd3 h6 14. Be3
Qe7 15. Rad1 Rfd8 16. Nd2 Bc5 17. Nb3 Bxe3 18. Qxe3 Nf4 19. g3 Nxe2+ 20.
Qxe2 Bh3 21. Rfe1 c6 22. dxc6 Rxc6 23. Rxd8+ Qxd8 24. f3 Be6 25. Nc1 Rd6 26.
Rd1 Rxd1+ 27. Nxd1 Qd4+ 28. Kg2 b5 29. b3 a5 30. Nf2 b4 31. Ncd3 Qc3 32. Qb2
Qxb2 33. Nxb2 Kf8 34. Nfd3 Nd7 35. Kf2 Ke7 36. Ke3 Kd6 37. Na4 f6 38. f4 g6
39. fxe5+ Nxe5 40. Nxe5 fxe5 41. Nb2 Bf7 42. Nd3 Be6 43. Kf3 Bf7 44. Ke3 Be6
45. Nb2 {Game drawn by mutual agreement} 1/2-1/2

[Event "ICC tourney 1953 (60 10)"]
[Site "Internet Chess Club"]
[Date "2020.08.07"]
[Round "3"]
[White "asintomatico"]
[Black "JULIANESTRADA"]
[Result "1-0"]
[ICCResult "Black resigns"]
[WhiteElo "2640"]
[BlackElo "2323"]
[Opening "Réti opening"]
[ECO "A06"]
[NIC "QP.09"]
[Time "18:31:44"]
[TimeControl "3600+10"]

1. Nf3 d5 2. e3 Nf6 3. c4 e6 4. Nc3 Be7 5. b3 O-O 6. Bb2 b6 7. Rc1 Bb7 8.
Bd3 dxc4 9. Bxc4 c5 10. O-O Nc6 11. Qe2 a6 12. Rfd1 b5 13. Bd3 Nb4 14. Bb1
Qb6 15. e4 Rfd8 16. Ng5 h6 17. Nf3 Nd7 18. Qe3 Nc6 19. e5 Nd4 20. Ne4 Nf8
21. b4 Nxf3+ 22. gxf3 Bxe4 23. Bxe4 Rac8 24. Kh1 Ng6 25. f4 a5 26. Rg1 axb4
27. f5 exf5 28. Bxf5 Qc6+ 29. f3 Nh4 30. Rxg7+ Kxg7 31. e6+ Kf8 32. Qxh6+
Ke8 33. exf7+ Kxf7 34. Qh7+ Ke8 35. Qg8+ {Black resigns} 1-0

[Event "ICC tourney 1953 (60 10)"]
[Site "Internet Chess Club"]
[Date "2020.08.07"]
[Round "3"]
[White "BrainOnFire"]
[Black "zuz1209"]
[Result "0-1"]
[ICCResult "White resigns"]
[WhiteElo "2083"]
[BlackElo "2238"]
[Opening "QGA: 4...e6"]
[ECO "D26"]
[NIC "QG.08"]
[Time "18:31:44"]
[TimeControl "3600+10"]

1. d4 d5 2. c4 dxc4 3. Nf3 Nf6 4. e3 e6 5. Bxc4 a6 6. O-O b5 7. Bd3 Bb7 8.
Qc2 Bxf3 9. gxf3 c5 10. dxc5 Qd5 11. b4 Nc6 12. e4 Qh5 13. Qc3 Qxf3 14. Nd2
Qh3 15. f3 Be7 16. Nb3 Nh5 17. e5 O-O 18. Be4 Rac8 19. Be3 f6 20. Bxc6 Rxc6
21. Na5 Rcc8 22. Rad1 fxe5 23. Qxe5 Kh8 24. Rd7 Rxf3 25. Rxf3 Qxf3 26. Rxe7
Rf8 27. Bf4 h6 28. Qe3 Qd1+ 29. Kg2 Nxf4+ 30. Kg3 Nh5+ {White resigns} 0-1

[Event "ICC tourney 1953 (60 10)"]
[Site "Internet Chess Club"]
[Date "2020.08.07"]
[Round "3"]
[White "nicochasin"]
[Black "vyomvidy"]
[Result "1-0"]
[ICCResult "Black resigns"]
[WhiteElo "2412"]
[BlackElo "2242"]
[Opening "Giuoco Piano: Bird's attack"]
[ECO "C54"]
[NIC "IG.02"]
[Time "18:31:05"]
[TimeControl "3600+10"]

1. e4 e5 2. Nf3 Nc6 3. Bc4 Bc5 4. c3 Nf6 5. b4 Bb6 6. d3 d6 7. a4 a6 8. a5
Ba7 9. O-O h6 10. Nbd2 O-O 11. Re1 Ne7 12. Nf1 Ng6 13. Ng3 c6 14. Bb3 Re8
15. d4 Bg4 16. Bb2 Nh4 17. h3 Bxf3 18. gxf3 Nh7 19. Bc1 Qf6 20. Kf1 exd4 21.
f4 dxc3 22. Qg4 Ng6 23. Ra2 d5 24. e5 Qh4 25. Rc2 Qxg4 26. hxg4 d4 27. Nf5
Kf8 28. Nd6 Re7 29. Nf5 Rd7 30. Ba3 Nxf4 31. b5+ Kg8 32. b6 Bb8 33. e6 fxe6
34. Rxe6 Nxe6 35. Bxe6+ Rf7 36. Ne7+ Kf8 37. Nxc6+ Ke8 38. Bxf7+ Kxf7 39.
Nd8+ Kg6 40. Nxb7 Nf6 41. Ke2 Nd5 42. Nd6 Nf4+ 43. Kd1 Nd3 44. Re2 Nb2+ 45.
Bxb2 cxb2 46. Re6+ Kg5 47. Kc2 Bxd6 48. Rxd6 Kxg4 49. Rxd4+ Kf3 50. Rd7 g5
51. Ra7 Rc8+ 52. Kxb2 h5 53. Rxa6 Rc5 54. Ra7 Kg2 55. b7 Rb5+ 56. Kc3 h4 57.
a6 h3 58. Ra8 g4 59. b8=Q Rxb8 60. Rxb8 {Black resigns} 1-0

[Event "ICC tourney 1953 (60 10)"]
[Site "Internet Chess Club"]
[Date "2020.08.07"]
[Round "3"]
[White "slugger"]
[Black "Sparta250"]
[Result "0-1"]
[ICCResult "White resigns"]
[WhiteElo "2354"]
[BlackElo "2732"]
[Opening "Caro-Kann: advance variation"]
[ECO "B12"]
[NIC "CK.04"]
[Time "18:31:41"]
[TimeControl "3600+10"]

1. e4 c6 2. d4 d5 3. e5 Bf5 4. Nf3 e6 5. Be2 Ne7 6. O-O h6 7. Nbd2 Nd7 8. a4
Qc7 9. Nb3 g5 10. h4 g4 11. Ne1 c5 12. Bxg4 Bxg4 13. Qxg4 cxd4 14. Nxd4 Nxe5
15. Qh5 N7g6 16. Nd3 Nxd3 17. cxd3 Qe5 18. Qxe5 Nxe5 19. Rd1 Kd7 20. Bd2 Rg8
21. Bc3 Ng6 22. Nf3 Be7 23. h5 Nf4 24. Ne5+ Ke8 25. g3 Nxh5 26. Rac1 Ng7 27.
Ng4 Nf5 28. Nf6+ Bxf6 29. Bxf6 Kd7 30. Rc2 Rac8 31. Rdc1 Rxc2 32. Rxc2 h5
33. Be5 Rc8 34. Rxc8 Kxc8 35. Kg2 Kd7 36. Bf6 Kd6 37. d4 Kc6 38. Kf3 b5 39.
b3 Nd6 40. Be7 Ne4 41. Bb4 bxa4 42. bxa4 f6 43. Ke3 a6 44. Be1 Nd6 45. Bc3
Nc4+ 46. Kf3 Nb6 47. a5 Nc4 48. g4 hxg4+ 49. Kxg4 Kb5 50. Kh5 Nxa5 51. Kg6
Nb3 52. Kxf6 Kc4 53. Bb2 Nxd4 54. Bxd4 Kxd4 55. Kxe6 Kc4 56. f4 d4 57. f5 d3
58. f6 d2 59. f7 d1=Q 60. f8=Q Qd5+ {White resigns} 0-1

[Event "ICC tourney 1953 (60 10)"]
[Site "Internet Chess Club"]
[Date "2020.08.07"]
[Round "3"]
[White "MichaelIC"]
[Black "spriteball"]
[Result "0-1"]
[ICCResult "White resigns"]
[WhiteElo "2133"]
[BlackElo "2333"]
[Opening "Two knights defense (Modern bishop's opening)"]
[ECO "C55"]
[NIC "IG.01"]
[Time "18:31:06"]
[TimeControl "3600+10"]

1. e4 e5 2. Nf3 Nc6 3. Bc4 Nf6 4. d3 Be7 5. O-O O-O 6. Re1 d6 7. c3 Na5 8.
Bb5 a6 9. Ba4 b5 10. Bc2 c5 11. Nbd2 Nc6 12. Nf1 Be6 13. Ng3 Qc7 14. h3 Rad8
15. Ng5 Bc8 16. Qe2 h6 17. Nf3 Rfe8 18. Nh2 d5 19. exd5 Nxd5 20. Qf3 Be6 21.
Nf5 Bf8 22. Ng4 Nf4 23. Qg3 Kh8 24. Nxe5 Nxh3+ 25. gxh3 Bxf5 26. Ng6+ fxg6
27. Qxc7 Rxe1+ 28. Kg2 Rc8 29. Qg3 Rce8 30. Rb1 R8e2 31. Be3 Rxe3 32. fxe3
Re2+ 33. Kf3 Rxc2 34. e4 Be6 35. Qc7 Ne7 36. Qd8 Kg8 37. Ke3 Bxh3 38. Rh1
Be6 39. Rf1 Bf7 40. Rf2 Rc1 41. Qa5 g5 42. Qxa6 g4 43. Rg2 h5 44. Qxb5 Be6
45. Qb6 Bc8 46. a4 h4 47. Kd2 Ra1 48. Qxc5 h3 49. Re2 Be6 50. Qg5 Rg1 51.
Qe5 Bf7 52. Qh2 Ra1 53. d4 Bc4 54. Rf2 Ng6 55. Qg3 Be6 56. d5 Bc8 57. e5 Bc5
58. Re2 Rg1 59. Qd3 Nf4 60. Qb5 Nxe2 61. Qe8+ Bf8 62. e6 Rf1 63. e7 h2 64.
exf8=Q+ Rxf8 65. Qh5 Ng3 {White resigns} 0-1

[Event "ICC tourney 1953 (60 10)"]
[Site "Internet Chess Club"]
[Date "2020.08.07"]
[Round "3"]
[White "StayCalm"]
[Black "justinchess"]
[Result "0-1"]
[ICCResult "White resigns"]
[WhiteElo "2155"]
[BlackElo "2392"]
[Opening "QGD: Semi-Tarrasch with e3"]
[ECO "D42"]
[NIC "QO.16"]
[Time "18:30:51"]
[TimeControl "3600+10"]

1. d4 Nf6 2. c4 e6 3. Nc3 d5 4. cxd5 Nxd5 5. Nf3 c5 6. e3 cxd4 7. exd4 Bb4
8. Bd2 O-O 9. Bd3 Nc6 10. O-O Be7 11. a3 Nf6 12. Bf4 b6 13. Re1 Bb7 14. Bc2
Re8 15. Qd3 g6 16. Bg5 Rc8 17. Rad1 Nd5 18. Bxe7 Ncxe7 19. Ba4 Nxc3 20. bxc3
Bc6 21. Bb3 Bxf3 22. Qxf3 Qd6 23. a4 Qc6 24. Re3 Qxf3 25. Rxf3 Red8 26. Kf1
Rc7 27. Ke2 Kg7 28. Kd2 Nf5 29. g4 Nd6 30. Kc2 Ne4 31. Kb2 Rdc8 32. Rdd3 h6
33. Rde3 Nf6 34. h3 Rd8 35. Re5 Nd7 36. Ree3 Nb8 37. Rd3 Nc6 38. Rde3 Rd6
39. Re4 Na5 40. Re5 Nc6 41. Re4 Rcd7 42. Ree3 g5 43. Re4 a6 44. Kc2 b5 45.
axb5 axb5 46. Rd3 b4 47. Ba4 Rc7 48. c4 b3+ 49. Bxb3 Nb4+ 50. Kc3 Nxd3 51.
Kxd3 Kf6 52. Kc3 Ra6 53. c5 Rb7 54. Re3 Ra1 55. d5 Rc1+ 56. Kd2 Rxc5 57.
dxe6 fxe6 58. Rxe6+ Kg7 59. Re3 Rcb5 60. Bc2 Rb2 61. Rc3 Re7 62. Rc6 Ra2 63.
Kd1 Ra1+ 64. Kd2 Rf1 65. Bf5 Rxf2+ 66. Kd1 Ra7 {White resigns} 0-1

[Event "ICC tourney 1953 (60 10)"]
[Site "Internet Chess Club"]
[Date "2020.08.07"]
[Round "3"]
[White "sathviks"]
[Black "VerdeNotte"]
[Result "1-0"]
[ICCResult "Black resigns"]
[WhiteElo "2231"]
[BlackElo "2720"]
[Opening "Sicilian: Canal-Sokolsky attack, 3...Bd7"]
[ECO "B52"]
[NIC "SI.01"]
[Time "18:31:07"]
[TimeControl "3600+10"]

1. e4 c5 2. Nf3 d6 3. Bb5+ Bd7 4. Bxd7+ Qxd7 5. O-O Nf6 6. Qe2 Nc6 7. c3 e6
8. d4 d5 9. e5 Ne4 10. Be3 cxd4 11. cxd4 Be7 12. Ne1 f6 13. Nd3 O-O 14. f3
Ng5 15. Nd2 Nf7 16. Bf2 Rac8 17. Nb3 b6 18. Rac1 a5 19. f4 Nh6 20. h3 a4 21.
Nd2 f5 22. Nf3 Na5 23. Kh1 Rxc1 24. Rxc1 Rc8 25. Rxc8+ Qxc8 26. Be1 Qc4 27.
Bxa5 bxa5 28. a3 Nf7 29. Qd2 Nd8 30. Nf2 Nc6 31. Nd1 h6 32. Nc3 g5 33. fxg5
hxg5 34. Qe2 Qxe2 35. Nxe2 g4 36. Ne1 Kf7 37. Nc2 Bd8 38. hxg4 fxg4 39. Kg1
Bb6 40. Kf1 Kg6 41. Ke1 Ne7 42. Nc3 Nf5 43. Ne2 Kg5 44. Kd2 Ne7 45. Kd3 Nc6
46. g3 Ba7 47. Nc3 Ne7 48. Nxa4 Nf5 49. Nc5 Nxg3 50. Nxe6+ Kh4 51. Ne3 Nh5
52. Nxd5 g3 53. Nef4 Bb8 54. Ke4 Ng7 55. Ne3 Kg5 56. Kf3 Nf5 57. Ne6+ Kg6
58. Nxf5 Kxf5 59. Nc5 Bc7 60. Kxg3 Bd8 61. Kf3 Bg5 62. Nd3 Bh6 63. b4 axb4
64. axb4 Bd2 65. b5 Bc3 66. Ke3 Ba5 67. d5 Bb6+ 68. Kf3 Bd4 69. e6 Kf6 70.
Ke4 Bg1 71. Nf4 Bc5 72. Nd3 Bg1 73. Ne5 Ke7 74. Nc6+ Kd6 75. e7 Kd7 76. Kf5
Bf2 77. Kf6 Ke8 78. Ke6 Bh4 79. d6 Bxe7 80. Nxe7 {Black resigns} 1-0

[Event "ICC tourney 1953 (60 10)"]
[Site "Internet Chess Club"]
[Date "2020.08.07"]
[Round "3"]
[White "noki101"]
[Black "fastturle"]
[Result "1/2-1/2"]
[ICCResult "Game drawn by repetition"]
[WhiteElo "2063"]
[BlackElo "2153"]
[Opening "Réti: King's Indian attack (Barcza system)"]
[ECO "A07"]
[NIC "QP.09"]
[Time "18:31:15"]
[TimeControl "3600+10"]

1. Nf3 d5 2. g3 c6 3. Bg2 Bf5 4. O-O Nd7 5. c4 Ngf6 6. d3 dxc4 7. dxc4 e5 8.
b3 Qc7 9. Bb2 Bd6 10. Nbd2 O-O 11. Nh4 Bg4 12. h3 Bh5 13. Re1 Rfe8 14. Qc2
Rad8 15. Nf1 Nf8 16. Ne3 Ne6 17. Nef5 Bc5 18. e3 Bb4 19. Bc3 Bxc3 20. Qxc3
g6 21. g4 gxf5 22. gxh5 f4 23. h6 fxe3 24. Rxe3 Nd4 25. Rae1 Nd7 26. Rg3+
Kh8 27. Rg7 Nf8 28. Be4 Nde6 29. Qg3 Ng6 30. Bxg6 Nxg7 31. hxg7+ Kxg7 32.
Be4+ Kh8 33. Qf3 Rg8+ 34. Kh1 Qe7 35. Qh5 Rg7 36. Rg1 Qf6 37. Rxg7 Qxg7 38.
Nf5 Qg6 39. Qe2 Qg5 40. Ng3 Rd2 41. Qf3 f6 42. a4 h6 43. Kg2 Qf4 44. Ne2
Qg5+ 45. Ng3 Qf4 46. Qxf4 exf4 47. Nf5 Rb2 48. Nd4 c5 49. Nb5 Rxb3 50. Bxb7
Rb4 51. a5 a6 52. Nd6 Ra4 53. Bxa6 Rxa5 54. Bb5 Ra3 55. Ne4 Kg7 56. Nxc5 Kg6
57. Ne4 f5 58. Nd2 Rc3 59. Nf3 Kf6 60. Nd4 Ke5 61. Nf3+ Kf6 62. Nh4 Kg5 63.
Nf3+ Kf6 {Game drawn by repetition} 1/2-1/2

[Event "ICC tourney 1953 (60 10)"]
[Site "Internet Chess Club"]
[Date "2020.08.07"]
[Round "3"]
[White "dabbindino"]
[Black "pyaru536"]
[Result "1-0"]
[ICCResult "Black resigns"]
[WhiteElo "2345"]
[BlackElo "2127"]
[Opening "Réti opening"]
[ECO "A05"]
[NIC "QP.11"]
[Time "18:31:06"]
[TimeControl "3600+10"]

1. Nf3 Nf6 2. g3 d5 3. Bg2 c6 4. O-O Bf5 5. d3 e6 6. Nbd2 h6 7. b3 Be7 8.
Bb2 O-O 9. Re1 Bh7 10. e4 a5 11. a3 dxe4 12. dxe4 Qc7 13. Qe2 Rd8 14. Be5
Qc8 15. Nc4 Nbd7 16. Bd6 Bxd6 17. Nxd6 Qc7 18. Rad1 Nb6 19. e5 Ne8 20. Qd2
a4 21. b4 Nc4 22. Nxe8 Rxe8 23. Qc3 Nb6 24. Nd4 Qe7 25. Qe3 Nc4 26. Qc1 Qc7
27. Bf1 Nb6 28. c4 Red8 29. Bg2 Rd7 30. c5 Nd5 31. Nf3 b6 32. cxb6 Qxb6 33.
Nd2 Qa7 34. Nc4 c5 35. b5 Rb8 36. Nd6 Ne7 37. Qc4 Nc8 38. Bc6 Nxd6 39. exd6
Rdd8 40. d7 Bf5 41. Re5 Kh8 42. Qxc5 Qc7 43. Qd6 Qb6 44. Qd4 Bc2 45. Qxb6
Rxb6 46. Rc1 Bb3 47. f4 Kg8 48. Kf2 Kf8 49. Ke1 f6 50. Rec5 Bd5 51. Bxd5
exd5 52. Rxd5 Rb7 53. Rc8 Ke7 54. Rxd8 Kxd8 55. Kd2 Rc7 56. Kd3 Rc1 57. Kd2
Rc7 58. h4 Rc4 59. b6 Rc6 60. Rb5 Kxd7 61. b7 Rc8 62. bxc8=Q+ Kxc8 63. Ra5
Kd7 64. Rxa4 Ke6 65. Ke3 Kf5 66. Kf3 h5 67. Ra5+ Kg6 68. f5+ Kh6 69. Kf4 g5+
70. fxg6 Kxg6 71. Ra6 Kg7 72. Kf5 Kh6 73. Rxf6+ Kh7 74. Ra6 {Black resigns}
1-0

[Event "ICC tourney 1953 (60 10)"]
[Site "Internet Chess Club"]
[Date "2020.08.07"]
[Round "3"]
[White "jasonm04"]
[Black "kpthomas"]
[Result "0-1"]
[ICCResult "White resigns"]
[WhiteElo "2214"]
[BlackElo "2199"]
[Opening "Catalan: closed, 5.Nf3"]
[ECO "E06"]
[NIC "CA.04"]
[Time "18:31:16"]
[TimeControl "3600+10"]

1. d4 Nf6 2. c4 e6 3. g3 d5 4. Bg2 Be7 5. Nf3 O-O 6. O-O c6 7. Qc2 b6 8.
Nbd2 Bb7 9. e4 Nbd7 10. e5 Ne8 11. cxd5 cxd5 12. Re1 Rc8 13. Qa4 a5 14. Nf1
Bc6 15. Qd1 b5 16. h4 Nc7 17. N1h2 f5 18. exf6 Bxf6 19. Ng5 Bxg5 20. hxg5
Re8 21. Ng4 b4 22. Bf1 Bb5 23. Bd3 Nf8 24. Kg2 Bxd3 25. Qxd3 Na8 26. Rh1 Nb6
27. Bf4 Nc4 28. g6 hxg6 29. Ne5 Nxe5 30. Bxe5 Qg5 31. Qb5 Re7 32. Qxa5 Rc2
33. Qxb4 Rf7 34. Rhf1 Qf5 35. Qe1 Nh7 36. Qe3 Ng5 37. Bf4 Qh3+ 38. Kg1 Ne4
39. Rac1 Rxb2 40. Rc8+ Kh7 41. Qa3 Rxf4 42. Qa8 Qxf1+ 43. Kxf1 Rfxf2+ 44.
Ke1 Rb1+ {White resigns} 0-1